 Dungeon Crawl Stone Soup version 0.30-a0-1158-gd85ba11b5a (webtiles) character file.

Game seed: 4534729953940630092

15215 sanka the Black Belt (level 11, -7/99 HPs)
             Began as a Red Draconian Monk on Apr 24, 2023.
             Killed by divine providence
             ... invoked by a smoke demon
              (13 damage)
             ... on level 11 of the Dungeon.
             The game lasted 00:23:13 (14132 turns).

sanka the Black Belt (Red Draconian Monk)          Turns: 14132, Time: 00:23:14

Health: -7/99      AC:  8    Str: 15    XL:     11   Next: 98%
Magic:  11/11      EV: 19    Int: 11    God:
Gold:   714        SH:  0    Dex: 22    Spells: 10/10 levels left

rFire   + .          .
                       - Unarmed
rCold   . . .        b - orb {light}
rNeg    + . .        (body armour unavailable)
rPois   .            (helmet restricted)
rElec   .            (no cloak)
rCorr   .            (no gloves)
SInv    .            j - +0 pair of boots
Will    .....        (no amulet)
Stlth   +            w - ring of positive energy
HPRegen 0.36/turn    A - +6 ring of dexterity
MPRegen 0.12/turn

%: no passive effects
@: weakened, glowing
A: breathe fire, AC +7, unfitting armour, fire resistance 1, cold-blooded
a: Breathe Fire


You were on level 11 of the Dungeon.
You visited 2 branches of the dungeon, and saw 12 of its levels.
You also visited: Sewer and Bailey.

You collected 822 gold pieces.
You spent 108 gold pieces at shops.


Innate Abilities, Weirdness & Mutations

You can breathe blasts of fire.
Your fiery red scales are hard. (AC +7)
You cannot fit into any form of body armour.
Your flesh is heat resistant. (rF+)
You are cold-blooded and may be slowed by cold attacks.


   Skills:
 + Level 9.9 Fighting
 + Level 9.4 Dodging
 - Level 15.0 Unarmed Combat


You had 10 spell levels left.
You didn't know any spells.
Your spell library contained the following spells:

 Spells                   Type           Power      Damage    Failure   Level
 Sandblast                Erth           0%         2d4       34%         1
 Passwall                 Tmut/Erth      0%         N/A       47%         2
 Static Discharge         Conj/Air       0%         2-2/arc   47%         2
 Dazzling Flash           Conj/Hex       0%         N/A       71%         3
 Stone Arrow              Conj/Erth      0%         3d7       71%         3
 Vhi's Electric Charge    Tloc/Air       0%         N/A       71%         3
 Volatile Blastmotes      Fire/Tloc      0%         2d10      71%         3
 Airstrike                Air            0%         2d(0-16)  98%         4
 Iskenderun's Mystic Bla  Conj/Tloc      0%         2d3       98%         4
 Summon Lightning Spire   Summ/Air       0%         N/A       98%         4
 Arcjolt                  Conj/Air       0%         1d10      100%        5
 Plasma Beam              Fire/Air       0%         2x1d11    100%        6
 Starburst                Conj/Fire      0%         6d3       100%        6

Inventory:

Hand Weapons
 t - a +3 broad axe
 I - the +8 sling of Defenestration {heavy, Will+}

   Will:      It increases your willpower.
Missiles
 g - 5 curare-tipped darts {=f}
Armour
 b - an orb of light (worn)
 j - a +0 pair of boots (worn)
Jewellery
 w - a ring of positive energy (left hand)
 A - a +6 ring of dexterity (right hand)
 G - a ring of flight
 L - a ring of see invisible
Wands
 u - a wand of charming (11)
 E - a wand of flame (30)
 F - a wand of digging (13)
 H - a wand of polymorph (10)
 N - a wand of iceblast (3)
Scrolls
 c - 4 scrolls of magic mapping {unknown}
 e - 2 scrolls of immolation {unknown}
 h - 3 scrolls of silence {!r}
 i - 2 scrolls of blinking {unknown}
 l - 10 scrolls of teleportation {@r4}
 m - 4 scrolls of fear
 y - a scroll of poison {unknown}
 z - 3 scrolls of fog
 B - 2 scrolls of amnesia {unknown}
 C - 3 scrolls of enchant armour {unknown}
 D - 2 scrolls of noise {unknown}
 M - a scroll of vulnerability {unknown}
Potions
 a - a potion of ambrosia
 d - 5 potions of might {unknown}
 k - 5 potions of curing {@q1}
 n - 2 potions of magic {unknown}
 o - 2 potions of mutation {unknown}
 p - 2 potions of brilliance {unknown}
 q - 5 potions of haste {unknown}
 r - 4 potions of heal wounds {unknown}
 s - 5 potions of flight {unknown}
 v - 2 potions of lignification {unknown}
 x - 2 potions of invisibility {unknown}
 J - a potion of degeneration {unknown}
 K - a potion of attraction {unknown}

Dungeon Overview and Level Annotations

Branches:
Dungeon (11/15)            Temple (1/1) D:7            Lair (0/5) D:8
    Orc (0/2) D:10          Sewer (visited)          Bailey (visited)

Altars:
Ashenzari
Cheibriados
Dithmenos
Elyvilon
Fedhas
Gozag
Hepliaklqana
Kikubaaqudgha
Makhleb
Nemelex Xobeh
Okawaru
Qazlal
Ru
Trog
Uskayaw
Vehumet
Wu Jian
Xom
Yredelemnul
Zin
The Shining One

Shops:
D:2 ?   D:10 *

Annotations:
D:7 Duvessa

▒..............>..
▒.................
▒.......▒▒........
▒.......▒▒.▒▒▒▒▒▒▒ ▒▒.
▒..............▒ ▒...
▒..............▒ ▒... .
▒..............▒ ▒... ..
▒.▒▒▒▒.....3...▒▒..▒ .3.
▒.▒▒▒▒....d....▒...▒☼...
▒..........▒▒▒.▒....E.:.
▒..........▒ ▒°..▒§☼N=▒|
▒▒▒▒▒▒▒..........▒
▒▒▒....°.). .
.................▒
▒...▒.... .
▒▒▒▒▒▒▒..........▒ ▒▒..▒
.. . ▒............▒ ▒...
▒.▒..........▒ ▒...
▒.▒.▒.▒▒.....▒ ▒....


You could see a smoke demon.


Message History

The salamander tyrant is frozen!
The salamander tyrant is almost dead.
The iceblast engulfs the fire elemental!
The fire elemental is frozen!
You destroy the fire elemental!
The smoke demon is engulfed in blazing flames.
Unknown command.
Aiming: Iceblast The mass of ice explodes!
The iceblast engulfs the salamander tyrant!
The salamander tyrant is frozen!
You kill the salamander tyrant!
The iceblast engulfs the smoke demon!
The smoke demon is heavily wounded.
The smoke demon is engulfed in blazing flames.
Unknown command.
You punch the smoke demon!
The smoke demon is almost dead.
The smoke demon closely misses you. The smoke demon hits you.
* * * LOW HITPOINT WARNING * * *
The smoke demon hits you but does no damage.
You hit the smoke demon.
You kill the smoke demon!
The smoke demon gestures at you. Something smites you!
* * * LOW HITPOINT WARNING * * *
The smoke demon gestures at you. Something smites you!
You die...

Action                     |  1- 3 |  4- 6 |  7- 9 | 10-12 || total
---------------------------+-------+-------+-------+-------++-------
  Melee: Unarmed           |    91 |   198 |   352 |   466 ||  1107
         Tailslap          |    12 |    46 |    60 |   104 ||   222
  Throw: Dart              |       |       |       |     1 ||     1
         Throwing net      |       |       |       |     2 ||     2
Ability: Breathe Fire      |       |       |     5 |     7 ||    12
  Evoke: Wand              |       |       |       |     8 ||     8
    Use: Scroll            |       |     1 |     2 |     1 ||     4
         Potion            |       |       |       |     1 ||     1
 Armour: Skin              |    25 |    62 |    70 |    79 ||   236
  Dodge: Dodged            |    50 |   110 |   219 |   355 ||   734

Levels and vault maps discovered:
D:1:      amcnicky_arrival_blooded_trapdoor, layout_basic, serial_bayou_pond_c
D:2:      layout_basic, serial_shops, nicolae_shop_pleasant_corner_grove,
          minmay_tall_x
D:3:      layout_loops_ring, grunt_temple_overflow_forces_of_nature,
          nicolae_overflow_hidden_temple, minitemple, lightli_sewer_entry_pipes
D:4:      layout_basic, mainiacjoe_overflow_swirl, general_overflow_altar,
          hex_large
D:5:      minmay_general_purpose_star, layout_cave_pools,
          hangedman_abyss_or_decor_passed
D:6:      layout_basic, roderic_filled_cross
D:7:      layout_basic, mainiacjoe_overflow_cross_hatched,
          makhleb_altar_promises_db, minmay_temple_entry_enclosed_plants,
          uniq_duvessa
D:8:      corexii_shantytown, layout_cave_pods, erik_lair_island,
          enter_bailey_5, minmay_quadrilaterals
D:9:      layout_cave_pools
D:10:     layout_loops_ring, david_orc_5, nicolae_sextant, nicolae_shop_gadgets
D:11:     minmay_firetagon, layout_basic
Temple:   nicolae_temple_ecumenical_triangle

Notes
Turn   | Place    | Note
-------+----------+-------------------------------------------
     0 | D:1      | sanka the Draconian Monk began the quest for the Orb.
     0 | D:1      | Reached XP level 1. HP: 19/19 MP: 1/1
    49 | D:1      | Reached XP level 2. HP: 26/26 MP: 2/2
   500 | D:1      | Reached skill level 4 in Fighting
   523 | D:1      | Reached XP level 3. HP: 33/33 MP: 3/3
   693 | D:1      | Reached skill level 4 in Unarmed Combat
   851 | D:2      | Found Renai's Magic Scroll Shoppe.
   893 | D:2      | Reached XP level 4. HP: 40/40 MP: 4/4
  1669 | D:2      | Bought a scroll of identify for 24 gold pieces
  1669 | D:2      | Bought a scroll of teleportation for 36 gold pieces
  1669 | D:2      | Bought a scroll of fear for 48 gold pieces
  1739 | D:3      | Reached skill level 5 in Unarmed Combat
  1813 | D:3      | Found a glowing drain.
  1856 | Sewer    | Entered a sewer
  1899 | Sewer    | Reached XP level 5. HP: 40/46 MP: 5/5
  1944 | Sewer    | Noticed Pargi
  1963 | Sewer    | Killed Pargi
  1964 | Sewer    | Reached skill level 6 in Unarmed Combat
  2228 | D:3      | Found a blossoming altar of Fedhas.
  2296 | D:3      | Reached XP level 6. HP: 37/52 MP: 6/6
  2458 | D:3      | Found an iron altar of Okawaru.
  2458 | D:3      | Found a sparkling altar of Nemelex Xobeh.
  2648 | D:3      | Found a stormy altar of Qazlal.
  2660 | D:3      | Found a white marble altar of Elyvilon.
  2972 | D:3      | Found a shimmering altar of Xom.
  2973 | D:3      | Found a shadowy altar of Dithmenos.
  3172 | D:4      | Reached skill level 7 in Unarmed Combat
  3226 | D:4      | Found a radiant altar of Vehumet.
  3262 | D:4      | Your scales start taking on a fiery red colour.
  3262 | D:4      | Reached XP level 7. HP: 53/59 MP: 7/7
  3262 | D:4      | Gained mutation: Your flesh is heat resistant. (rF+) [Red
                  | Draconian growth]
  3778 | D:4      | Found a bloodstained altar of Trog.
  3787 | D:4      | Found a hide-covered altar of Uskayaw.
  3819 | D:5      | Entered Level 5 of the Dungeon
  3829 | D:5      | Reached skill level 8 in Unarmed Combat
  4177 | D:5      | Reached skill level 9 in Unarmed Combat
  4413 | D:5      | Reached XP level 8. HP: 66/66 MP: 8/8
  4896 | D:6      | Reached skill level 10 in Unarmed Combat
  4976 | D:6      | Reached skill level 3 in Dodging
  5238 | D:6      | Reached skill level 5 in Fighting
  5824 | D:7      | Reached skill level 4 in Dodging
  6095 | D:7      | Reached skill level 6 in Fighting
  6283 | D:7      | Found an ornate altar of the Wu Jian Council.
  6556 | D:7      | Reached skill level 5 in Dodging
  6625 | D:7      | Found a burning altar of Makhleb.
  6625 | D:7      | Noticed a blizzard demon
  6773 | D:7      | Reached XP level 9. HP: 72/78 MP: 9/9
  6935 | D:7      | Noticed Dowan
  6936 | D:7      | Noticed Duvessa
  6959 | D:7      | HP: 3/78 [yak (14)]
  6962 | D:7      | Killed Dowan
  6963 | D:7      | Reached skill level 7 in Fighting
  7320 | D:7      | Reached skill level 6 in Dodging
  7337 | D:7      | Reached skill level 8 in Fighting
  7552 | D:7      | Found a staircase to the Ecumenical Temple.
  7754 | Temple   | Entered the Ecumenical Temple
  7926 | D:8      | Reached skill level 7 in Dodging
  8055 | D:8      | Reached skill level 8 in Dodging
  8056 | D:8      | Noticed an unseen horror
  8070 | D:8      | Killed an unseen horror
  8078 | D:8      | Found a flagged portal.
  8253 | Bailey   | Entered a bailey
  8280 | Bailey   | Reached XP level 10. HP: 60/88 MP: 10/10
  8605 | Bailey   | Reached skill level 11 in Unarmed Combat
  8753 | Bailey   | Noticed a vault guard
  8802 | Bailey   | Killed a vault guard
  8803 | Bailey   | Reached skill level 12 in Unarmed Combat
  8992 | Bailey   | Noticed a vault guard
  8992 | Bailey   | Noticed Prince Ribbit
  9008 | Bailey   | Killed Prince Ribbit
  9015 | Bailey   | Killed a vault guard
  9325 | D:8      | Reached skill level 13 in Unarmed Combat
  9618 | D:8      | Identified the +8 sling of Defenestration {heavy, Will+}
  9858 | D:8      | Reached XP level 11. HP: 81/94 MP: 11/11
 10270 | D:8      | Found a staircase to the Lair.
 10514 | D:9      | Reached skill level 14 in Unarmed Combat
 10843 | D:9      | HP: 9/94 [poisoned by a killer bee]
 11444 | D:10     | Entered Level 10 of the Dungeon
 11479 | D:10     | Found Feach's Gadget Gallery.
 11559 | D:10     | Found a staircase to the Orcish Mines.
 11857 | D:10     | Reached skill level 15 in Unarmed Combat
 12373 | D:10     | Noticed an orc knight
 12389 | D:10     | Killed an orc knight
 12904 | D:11     | Reached skill level 9 in Fighting
 13008 | D:11     | Noticed a rakshasa
 13025 | D:11     | HP: 9/97 [rakshasa (illusionary)/lance of force (10)]
 13883 | D:11     | Reached skill level 9 in Dodging
 14106 | D:11     | Noticed a salamander tyrant
 14129 | D:11     | Killed a salamander tyrant
 14131 | D:11     | HP: 6/99 [smoke demon/divine providence (17)]
 14132 | D:11     | Killed from afar by a smoke demon

Vanquished Creatures
  A salamander tyrant (D:11)
  2 vault guards (Bailey)
  An orc knight (D:10)
  A smoke demon (D:11)
  An unseen horror (D:8)
  4 trolls
  Prince Ribbit (Bailey)
  4 slime creatures (D:9)
  2 wraiths (D:9)
  2 wyverns
  3 humans (Bailey)
  A fire bat (D:11)
  A shadow (D:11)
  21 yaks
  2 fire elementals (D:11)
  A water moccasin (D:5)
  4 orc warriors (D:10)
  Pargi (Sewer)
  An ice beast (D:6)
  2 sky beasts
  An ogre (D:4)
  6 wolves (D:8)
  3 phantoms
  7 centaurs
  A kobold brigand (D:7)
  15 bullfrogs
  2 gnoll sergeants
  4 scorpions (D:6)
  3 wights (D:7)
  Dowan (D:7)
  13 killer bees
  7 howler monkeys
  4 electric eels (D:8)
  8 hounds
  2 jellies
  7 orc priests
  2 iguanas
  9 orc wizards
  22 gnolls
  12 adders
  A river rat (D:3)
  A shadow imp (D:5)
  4 white imps
  4 ufetubi
  4 worms
  45 orcs
  10 endoplasms
  2 giant cockroaches
  20 goblins
  12 hobgoblins
  3 jackals (D:1)
  4 quokkas
  9 ball pythons
  2 bats
  8 frilled lizards
  23 kobolds
  7 rats
344 creatures vanquished.

Vanquished Creatures (others)
  A fire elemental (D:11)
  An orc (D:10)
  5 plants (D:8)
7 creatures vanquished.

Grand Total: 351 creatures vanquished
